 Dungeon Crawl Stone Soup version 0.17.0-26-gececa24 (console) character file.

1534 gw the Cudgeler (level 8, 53/73 HPs)
             Began as a Deep Dwarf Gladiator on Nov 20, 2015.
             Was a Follower of Yredelemnul.
             Quit the game on level 7 of the Dungeon.
             The game lasted 00:06:35 (5710 turns).

gw the Cudgeler (Deep Dwarf Gladiator)              Turns: 5710, Time: 00:06:35

Health: 53/73      AC: 16    Str: 20    XL:     8   Next: 55%
Magic:  11/11      EV:  7    Int: 11    God:    Yredelemnul [*.....]
Gold:   508        SH:  0    Dex: 15    Spells: 0 memorised, 7 levels left

rFire  . . .     SeeInvis .     a - +3 flail
rCold  . . .     Clarity  .     n - +0 plate armour
rNeg   . . .     SustAt   .     (no shield)
rPois  .         Gourm    .     l - +1 helmet {Int+3}
rElec  .         Spirit   .     g - +0 cloak
rCorr  .         Warding  .     (no gloves)
rMut   .         Stasis   .     j - +0 pair of boots
MR     +....                    (no amulet)
Stlth  ..........               (no ring)
                                (no ring)

@: non-regenerating, somewhat resistant to hostile enchantments, extremely
unstealthy
A: damage resistance, recharge devices, sense surroundings 1, slow regeneration
3
a: Device Recharging, Animate Remains, Renounce Religion


You were on level 7 of the Dungeon.
You worshipped Yredelemnul.
Yredelemnul was aware of your devotion.
You were hungry.

You visited 1 branch of the dungeon, and saw 7 of its levels.

You collected 508 gold pieces.

Inventory:

Hand Weapons
 a - a +3 flail (weapon)
Missiles
 b - 47 bolts
 d - 3 throwing nets
Armour
 g - a +0 cloak (worn)
 j - a +0 pair of boots (worn)
 l - a +1 helmet of intelligence (worn)
 n - a +0 plate armour (worn)
Wands
 e - a wand of heal wounds (5)
 s - a wand of polymorph (9)
Scrolls
 c - a scroll of summoning
 h - 3 scrolls of teleportation
 m - 3 scrolls of identify
Potions
 q - a potion of magic {unknown}
 r - 2 potions of curing
Comestibles
 f - 5 bread rations
 i - 3 beef jerkies
 k - a meat ration
 o - a royal jelly
 p - 4 fruits


   Skills:
 + Level 4.6 Fighting
 * Level 7.4 Maces & Flails
 - Level 1.7 Throwing
 + Level 5.0 Armour
 - Level 3.2 Dodging
 + Level 5.8 Invocations
 - Level 1.6 Evocations


You had 7 spell levels left.
You didn't know any spells.

Dungeon Overview and Level Annotations

Branches:
Dungeon (7/15)             Temple (0/1) D:7

Altars:
Elyvilon
Fedhas
Makhleb
Sif Muna
Vehumet
Yredelemnul
The Shining One

Shops:
D:5 [


Innate Abilities, Weirdness & Mutations

You are resistant to damage.
You can recharge devices by infusing magical energy.
You passively map a small area around you.
You do not regenerate naturally.


Message History

Quiver which item? (- for none, * to show all) (? for menu, Esc to quit)
Reset throwing quiver to default.
A charred statue is nearby!
Quiver which item? (- for none, * to show all) (? for menu, Esc to quit)
Reset throwing quiver to default.
A charred statue is nearby!
Quiver which item? (- for none, * to show all) (? for menu, Esc to quit)
Reset throwing quiver to default.
A charred statue is nearby!
Quiver which item? (- for none, * to show all) (? for menu, Esc to quit)
Reset throwing quiver to default.
A charred statue is nearby!
Quiver which item? (- for none, * to show all) (? for menu, Esc to quit)
Reset throwing quiver to default.
A charred statue is nearby!
Quiver which item? (- for none, * to show all) (? for menu, Esc to quit)
Reset throwing quiver to default.
A charred statue is nearby!
Infinite lua loop detected, aborting.
Are you sure you want to abandon this character and quit the game? (Confirm with "yes".)

########.!.# #...............>Z.#
#....###...#####.##.....Z##
#Z#..##......# #.##....Z.## ###
#:#..##.#..#.###..#......##
..#####Z..............#..##..####
.....Z......#########.#.....##
....Z###....#.......#.#...###
.....# #....#.8._.....#..>#
..#### ####.#?..gZ..#....## ###
#.#########..### #Z.Z......(..#
####.........# ###########


You could see a charred statue and a friendly giant frog zombie.

Table legend:
 A = Turns spent in this place as a percentage of turns spent in the entire game.
 B = Non-inter-level travel turns spent in this place as a percentage of non-inter-level travel turns spent in the entire game.
 C = Inter-level travel turns spent in this place as a percentage of turns spent in this place.
 D = Turns resting spent in this place as a percentage of non-inter-level travel turns spent in this place.
 E = Turns spent auto-exploring this place as a percentage of non-inter-level travel turns spent in this place.
 F = Non-inter-level travel turns spent in this place divided by the number of levels of this place that you've seen.
                   A       B       C       D       E      F
               +-------+-------+-------+-------+-------+----------------------
         Total | 100.0 | 100.0 |   0.3 |   0.0 |   1.7 | 2003.7
       Dungeon | 100.0 | 100.0 |   0.3 |   0.0 |   1.7 | 2003.7
               +-------+-------+-------+-------+-------+----------------------

Table legend:
 A = Kills in this place as a percentage of kills in entire the game.
 B = Kills by you in this place as a percentage of kills by you in the entire game.
 C = Kills by friends in this place as a percentage of kills by friends in the entire game.
 D = Other kills in this place as a percentage of other kills in the entire game.
 E = Experience gained in this place as a percentage of experience gained in the entire game.
 F = Experience gained in this place divided by the number of levels of this place that you have seen.
                   A       B       C       D       E      F
               +-------+-------+-------+-------+-------+----------------------
         Total | 100.0 | 100.0 | 100.0 |  -nan | 100.0 | 313.1
       Dungeon | 100.0 | 100.0 | 100.0 |  -nan | 100.0 | 313.1
               +-------+-------+-------+-------+-------+----------------------

Vanquished Creatures
  A water moccasin (D:5)
  3 ice beasts
  A sky beast (D:5)
  A centaur (D:5)
  4 giant frogs
  A wyvern skeleton (D:6)
  3 crimson imps
  3 orc priests
  3 jellies
  A centaur skeleton (D:7)
  4 hounds
  4 worker ants
  2 hound skeletons
  2 adders (D:2)
  2 gnolls (D:7)
  A shadow imp (D:5)
  2 oozes
  3 adder skeletons
  A worm (D:3)
  3 giant geckos
  9 orcs
  3 giant cockroaches
  7 goblins
  5 hobgoblins
  9 jackals
  6 kobolds
  3 quokkas
  2 ball pythons
  6 bats
  6 giant newts
  3 rats
104 creatures vanquished.

Vanquished Creatures (collateral kills)
  2 gnolls (D:7)
  A giant newt (D:5)
3 creatures vanquished.

Vanquished Creatures (others)
  4 orc zombies (D:7)
  A jackal zombie (D:5)
5 creatures vanquished.

Grand Total: 112 creatures vanquished

Notes
Turn   | Place    | Note
--------------------------------------------------------------
     0 | D:1      | gw the Deep Dwarf Gladiator began the quest for the Orb.
     0 | D:1      | Reached XP level 1. HP: 19/19 MP: 1/1
    74 | D:1      | Reached skill level 1 in Evocations
   230 | D:1      | Reached XP level 2. HP: 15/26 MP: 2/2
  1313 | D:2      | Reached XP level 3. HP: 17/32 MP: 4/4
  1395 | D:2      | Reached skill level 1 in Armour
  1680 | D:3      | Found a basalt altar of Yredelemnul.
  1698 | D:3      | Became a worshipper of Yredelemnul the Dark
  1870 | D:3      | Reached XP level 4. HP: 36/40 MP: 5/5
  1928 | D:3      | Reached skill level 4 in Maces & Flails
  1928 | D:3      | Reached skill level 1 in Invocations
  1934 | D:3      | Found a white marble altar of Elyvilon.
  2382 | D:4      | Reached XP level 5. HP: 29/46 MP: 6/6
  2719 | D:4      | Found a burning altar of Makhleb.
  2762 | D:4      | Found a glowing golden altar of the Shining One.
  2962 | D:4      | Found a deep blue altar of Sif Muna.
  3093 | D:5      | Entered Level 5 of the Dungeon
  3275 | D:5      | Found Kocuse's Antique Armour Shoppe.
  3374 | D:5      | Reached skill level 5 in Maces & Flails
  3374 | D:5      | Reached XP level 6. HP: 28/56 MP: 7/7
  3484 | D:5      | Reached * piety under Yredelemnul
  3548 | D:5      | Noticed a centaur
  3558 | D:5      | Killed a centaur
  3878 | D:5      | Noticed an ice beast
  3890 | D:5      | Killed an ice beast
  3890 | D:5      | Reached XP level 7. HP: 32/62 MP: 9/9
  4153 | D:5      | Noticed a sky beast
  4169 | D:5      | Killed a sky beast
  4169 | D:5      | Reached skill level 6 in Maces & Flails
  4624 | D:6      | Found a blossoming altar of Fedhas.
  4749 | D:6      | Reached XP level 8. HP: 58/72 MP: 10/10
  5025 | D:6      | Reached skill level 5 in Invocations
  5032 | D:6      | Reached skill level 7 in Maces & Flails
  5341 | D:7      | Reached skill level 5 in Armour
  5434 | D:7      | Found a radiant altar of Vehumet.
  5610 | D:7      | Found a staircase to the Ecumenical Temple.
  5710 | D:7      | Quit the game

Action                   |  1- 3 |  4- 6 |  7- 9 || total
-------------------------+-------+-------+-------++-------
Melee: Flail             |   138 |   159 |   134 ||   431
Invok: Animate Remains   |       |     3 |    14 ||    17
 Abil: Device Recharging |       |       |     1 ||     1
Evoke: Wand              |     1 |     2 |     3 ||     6
  Use: Scroll            |     4 |     5 |     3 ||    12
       Potion            |     3 |     3 |     1 ||     7
  Eat: Chunk             |     4 |     6 |     3 ||    13
       Bread ration      |       |       |     1 ||     1

Vault maps used:
D:1:      dpeg_arrival_shelter
D:2:      patterned_corridor
D:3:      lemuel_doored_altar, overflow_temple_1_default, first_bread
D:4:      lemuel_crystal_altar, kennysheep_mini_moat, tso_oasis_becter
D:5:      serial_shops, shop, kennysheep_cluttered_room, serial_bayou_ford_a
D:6:      fedhas_altar_3
D:7:      vehumet_statue, temple_hall
